 Dungeon Crawl Stone Soup version 0.31-a0-765-g67fe2935dc (webtiles) character file.

Game seed: 15531440094705439863

81 heikuro the Shield-Bearer (level 4, -5/37 HPs)
             Began as a Formicid Fighter on Sept 15, 2023.
             Slain by a gnoll
             ... wielding a +0 halberd
              (14 damage)
             ... on level 2 of the Dungeon.
             The game lasted 00:03:33 (1651 turns).

heikuro the Shield-Bearer (Formicid Fighter)        Turns: 1651, Time: 00:03:34

Health: -5/37      AC:  7    Str: 23    XL:     4   Next: 68%
Magic:  4/4        EV:  9    Int:  7    God:
Gold:   62         SH:  5    Dex: 13    Spells: 3/3 levels left

rFire   . . .        a - +0 war axe
rCold   . . .        c - +0 buckler
rNeg    . . .        b - +0 scale mail
rPois   .            (helmet unavailable)
rElec   .            (no cloak)
rCorr   +            (no gloves)
SInv    +            (no boots)
Will    .....        (no amulet) Stlth
                     i - ring of resist corrosion
HPRegen 0.26/turn    (no ring)
MPRegen 0.09/turn

%: no passive effects
@: no status effects
A: permanent stasis, dig shafts and tunnels, antennae 3, four strong arms
a: Dig, Shaft Self


You were on level 2 of the Dungeon.
You visited 1 branch of the dungeon, and saw 2 of its levels.

You collected 62 gold pieces.

Inventory:

Hand Weapons
 a - a +0 war axe (weapon)
Missiles
 j - 4 poisoned darts (quivered)
Armour
 b - a +0 scale mail (worn)
 c - a +0 buckler (worn)
Jewellery
 i - a ring of resist corrosion (left hand)
Scrolls
 e - a scroll of fog {unknown}
 f - 2 scrolls of teleportation {unknown}
 g - a scroll of silence {unknown}
 l - a scroll of identify {unknown}
Potions
 d - a potion of might
 h - a potion of brilliance {unknown}
 k - a potion of heal wounds {unknown}
 m - a potion of enlightenment {unknown}


   Skills:
 + Level 3.8 Fighting
 * Level 3.2 Axes
 + Level 3.8 Armour
 + Level 4.6 Shields


You had 3 spell levels left.
You didn't know any spells.
Your spell library contained the following spells:

 Spells                   Type           Power      Damage    Failure   Level
 Inner Flame              Hex/Fire       0%         N/A       99%         3
 Flame Wave               Conj/Fire      0%         2d4       100%        4
 Sticky Flame             Conj/Fire      0%         2d3       100%        4


Dungeon Overview and Level Annotations

Branches:
Dungeon (2/15)

Altars:


Innate Abilities, Weirdness & Mutations

You cannot be hasted, slowed, berserked, paralysed or teleported.
You can dig through walls and to a lower floor.
You have a pair of large antennae on your head. (SInv)
Your four strong arms can wield two-handed weapons with a shield.


Message History

You barely miss the bat. You block the bat's attack.
The bat hits you but does no damage.
You slash the bat!
You kill the bat!
No target in view!
No target in view!
f - 2 scrolls labelled CYBACI FUXAYDO (gained 1)
You sense a monster nearby.
You enter a teleport trap!
The teleport trap disappears. 2 gnolls come into view.
The gnoll shouts! x2
The gnoll hits you with a +0 halberd!
You closely miss the gnoll. The gnoll hits you with a +0 halberd.
The gnoll hits you from afar with a +0 spear.
The gnoll hits you with a +0 halberd!
You are too injured to fight recklessly!
You are too injured to fight recklessly!
Unknown command.
Unknown command.
You see here a bat corpse.
There is a stone staircase leading up here.
There is a stone staircase leading down here.
You block the gnoll's attack.
The gnoll hits you from afar with a +0 halberd!
The gnoll hits you with a +0 spear.
You can't go up here!
You hit the gnoll but do no damage. The gnoll barely misses you.
The gnoll hits you with a +0 spear.
* * * LOW HITPOINT WARNING * * *
You block the gnoll's attack.
Unknown command.
The gnoll hits you with a +0 spear.
* * * LOW HITPOINT WARNING * * *
The gnoll hits you with a +0 halberd.
* * * LOW HITPOINT WARNING * * *
You hit the gnoll.
The gnoll is moderately wounded.
You hit the gnoll. You block the gnoll's attack.
The gnoll hits you with a +0 halberd!
You die...

#.#####.# #..# ##...# #.# #.#
#..###....#### #.# #.#
#.........g..g ####### #.# #.#
######...g#### ....... ..# #.#
##.#.# .###### ### #># #.#.# .#
#.# #######.#.### .#
#.####..........># .#
#g@g...........#.# .#
##.#############.# .### #.# #.#
...# #.# #.#
.#.#############.### #.#
....##.............# #.#
....##.#########.#.###########.#
....##.########...............%#
.................#.#############


You could see 2 gnolls.

Vanquished Creatures
  Terence (D:1)
  2 adders
  A worm (D:2)
  3 bats
  6 endoplasms
  2 giant cockroaches
  3 goblins (D:1)
  2 hobgoblins (D:1)
  2 jackals (D:1)
  4 kobolds (D:1)
  2 ball pythons (D:1)
  A frilled lizard (D:1)
  6 rats
35 creatures vanquished.

Notes
Turn   | Place    | Note
-------+----------+-------------------------------------------
     0 | D:1      | heikuro the Formicid Fighter began the quest for the Orb.
     0 | D:1      | Reached XP level 1. HP: 18/18 MP: 1/1
   175 | D:1      | Reached XP level 2. HP: 24/24 MP: 2/2
   477 | D:1      | Reached XP level 3. HP: 29/29 MP: 3/3
   929 | D:2      | Noticed Terence
   949 | D:1      | Killed Terence
   950 | D:1      | Reached XP level 4. HP: 8/37 MP: 4/4
  1100 | D:2      | Found a faded altar of an unknown god.
  1651 | D:2      | Slain by a gnoll

Illustrated notes

Levels and vault maps discovered:
D:1:      spicycebolla_arrival_transporter_tutorial, layout_basic,
          columned_hall_lemuel
D:2:      layout_loops_ring, hellmonk_ecumenical_altar_crossroads, uniq_terence

Skill      XL: |  1  2  3 |
---------------+----------+-----
Axes           | 3 |  3.2
Fighting       | |  3.8
Armour         | |  3.8
Shields        | |  4.6

Action                     |  1- 3 |  4- 6 || total
---------------------------+-------+-------++-------
  Melee: War axe           |    64 |    36 ||   100
 Armour: Scale mail        |    40 |    36 ||    76
  Dodge: Dodged            |    26 |    11 ||    37
  Block: Buckler           |    15 |     8 ||    23

Table legend: (Time is in decaauts)
 A = Elapsed time spent in this place.
 B = Non-inter-level travel time spent in this place.
 C = Inter-level travel time spent in this place.
 D = Time resting spent in this place.
 E = Time spent auto-exploring this place.
 F = Levels seen in this place.
 G = Mean time per level.
                   A        B        C        D        E       F      G
               +--------+--------+--------+--------+--------+-----+--------+
         Total |   1689 |   1611 |     78 |     19 |   1139 |   2 |  844.5 |
       Dungeon |   1689 |   1611 |     78 |     19 |   1139 |   2 |  844.5 |
               +--------+--------+--------+--------+--------+-----+--------+

Top non-repeatable levels by time:
     D:1: 1118 daAuts
     D:2: 571 daAuts
